Map: Acid Plant LE

Players

Gerald - Winner!

  • Race: Protoss Protoss
  • Spawn Location: 11:00

NightEnD

  • Race: Protoss Protoss
  • Spawn Location: 5:00

Event: WCS Leipzig 2018

VOD

Have the link to the VOD?

Description

Time

  • Played on: Jan. 26, 2018, 8:09 a.m.
  • Length: 7:09

All games in this series

Show
View Real Time Build Order
Export as new Build Order

Gerald Protoss - Winner!

Build Orders: Phoenix Opening 

Get SALT Encoding   

  12  0:00  Probe  
  13  0:12  Probe  
  14  0:17  Pylon  
  14  0:24  Probe (Chrono Boost)  
  16  0:37  Probe (Chrono Boost), Gateway  
  16  0:41  Assimilator  
  16  0:44  Probe (Chrono Boost)  
  17  0:56  Probe (Chrono Boost)  
  18  1:02  Assimilator  
  18  1:08  Probe (Chrono Boost)  
  19  1:12  Gateway  
  19  1:13  Probe (Chrono Boost)  
  20  1:23  Probe, Cybernetics Core  
  21  1:35  Probe, Pylon  
  23  1:47  Probe  
  23  1:59  Probe  
  23  2:00  Warp Gate  
  23  2:01  Adept x2  
  28  2:11  Probe  
  29  2:18  Stargate  
  29  2:19  Pylon  
  29  2:25  Pylon  
  29  2:26  Probe  
  30  2:37  Stalker  
  30  2:42  Probe  
  33  2:45  Pylon  
  33  2:54  Probe  
  33  3:00  Phoenix (Chrono Boost)  
  35  3:19  Nexus  
  35  3:22  Probe  
  36  3:30  Phoenix (Chrono Boost)  
  36  3:51  Probe  
  36  3:52  Phoenix (Chrono Boost)  
  37  4:01  Robotics Facility  
  37  4:06  Probe  
  38  4:10  Phoenix  
  40  4:17  Adept  
  40  4:18  Adept  
  40  4:22  Probe  
  45  4:31  Probe (Chrono Boost)  
  45  4:34  Probe (Chrono Boost)  
  45  4:38  Phoenix  
  49  4:42  Probe (Chrono Boost)  
  49  4:43  Probe (Chrono Boost)  
  51  4:47  Probe (Chrono Boost)  
  51  4:48  Probe (Chrono Boost)  
  51  4:50  Shield Battery  
  54  4:53  Observer  
  54  4:58  Probe  
  55  5:00  Probe  
  56  5:10  Probe, Assimilator  
  56  5:12  Probe  
  62  5:14  Immortal  
  62  5:18  Forge  
  62  5:24  Twilight Council, Pylon  
  62  5:28  Pylon  
  62  5:38  Assimilator  
  62  5:42  Probe x2  
  64  5:54  Probe x2, Immortal  
  66  6:07  Probe x2  
  68  6:12  Gateway x2  
  68  6:19  Probe x2  
  68  6:23  Adept x2  
  74  6:25  Pylon  
  74  6:36  Templar Archives  
  74  6:39  Pylon  
  74  6:40  Probe  
  75  6:49  Probe  
  76  6:56  Probe  
Show
View Real Time Build Order
Export as new Build Order

NightEnD Protoss 

Build Orders: Oracle Opening 

Get SALT Encoding   

  12  0:00  Probe  
  13  0:12  Probe  
  14  0:20  Pylon  
  14  0:24  Probe  
  15  0:38  Probe (Chrono Boost)  
  15  0:41  Gateway  
  16  0:47  Assimilator  
  16  0:48  Probe (Chrono Boost)  
  17  0:53  Probe (Chrono Boost)  
  17  0:56  Assimilator  
  18  1:05  Probe  
  18  1:10  Gateway  
  19  1:17  Probe  
  20  1:27  Cybernetics Core  
  20  1:29  Probe  
  21  1:35  Pylon  
  21  1:41  Probe  
  22  1:53  Probe  
  23  2:02  Warp Gate (Chrono Boost)  
  23  2:04  Stalker, Sentry  
  23  2:06  Probe  
  28  2:27  Stargate  
  28  2:35  Stalker  
  30  2:56  Pylon  
  30  3:11  Oracle (Chrono Boost)  
  30  3:12  Pylon  
  30  3:18  Probe  
  34  3:22  Nexus  
  34  3:26  Shield Battery  
  33  3:38  Oracle (Chrono Boost)  
  30  3:48  Probe  
  33  3:59  Shield Battery  
  33  4:00  Probe  
  34  4:11  Robotics Facility  
  34  4:12  Probe  
  35  4:24  Stalker  
  37  4:26  Stalker  
  39  4:34  Probe x2 (Chrono Boost)  
  41  4:43  Probe x2 (Chrono Boost)  
  43  4:47  Twilight Council  
  43  4:48  Probe (Chrono Boost)  
  45  4:56  Pylon  
  45  4:59  Probe  
  45  5:08  Pylon  
  45  5:12  Probe (Chrono Boost)  
  47  5:14  Probe (Chrono Boost)  
  47  5:20  Forge  
  47  5:27  Pylon  
  47  5:28  Probe (Chrono Boost)  
  49  5:29  Probe (Chrono Boost)  
  49  5:30  Pylon  
  49  5:34  Probe (Chrono Boost)  
  50  5:36  Probe (Chrono Boost)  
  48  5:44  Pylon  
  48  5:45  Probe (Chrono Boost)  
  48  5:46  Probe (Chrono Boost)  
  47  5:50  Probe  
  47  5:55  Probe  
  49  6:03  Probe  
  50  6:04  Assimilator  
  50  6:05  Assimilator  
  50  6:07  Probe  
  50  6:11  Observer  
  52  6:15  Probe, Stalker x2  
  51  6:19  Probe  
  51  6:27  Probe (Chrono Boost)  
  53  6:35  Probe (Chrono Boost)  
  53  6:39  Templar Archives, Probe (Chrono Boost)  
  54  6:46  Probe x2 (Chrono Boost)  
  55  6:53  Probe  
  52  6:56  Probe (Chrono Boost)  
Tags
 
Add a new tag
Caveats
  • Supply blocks, unpowered buildings, or Contaminate may cause inaccurate times.
  • Supply counts are checked every 10 seconds.